[Event "*** Titled Tuesday Blitz"]
[Site "Chess.com"]
[Date "2021.03.09"]
[Round "5"]
[White "Orest_Vovk"]
[Black "Mikhail_Golubev"]
[Result "1/2-1/2"]
[WhiteElo "2437"]
[BlackElo "2577"]
[TimeControl "180+1"]
[EndTime "10:59:52 PST"]
[Termination "Game drawn - insufficient material"]

1. h3 g6 2. d4 Bg7 3. Nf3 Nf6 4. Bg5 O-O 5. Nbd2 d6 6. e3 Nbd7 7. Bc4 h6 8. Bh4 e5 9. dxe5 dxe5 10. O-O Qe7 11.
Ne4 b6 12. Qe2 Bb7 13. Nxf6+ Bxf6 14. Bxf6 Nxf6 15. Ba6 Bd5 16. Rfd1 Rad8 17. Bc4 Bb7 18. Rxd8 Rxd8 19. Rd1 Rxd1+ 20. Qxd1 Kg7 21. c3 a5 22. a3 Ne4 23. Bd5 Qd6 24. Bb3 Qxd1+ 25. Bxd1 Kf6 26.
Bc2 Nd6 27. Nd2 Bd5 28. f3 c5 29. Kf2 Ke6 30. g4 f5 31. f4 exf4 32. exf4 g5 33. fxg5 hxg5 34. Bxf5+ Nxf5 35. gxf5+ Kxf5 36. Kg3 Kf6 37. Nf1 Kg6 38. Ne3 Be6 39. b4 axb4 40. axb4 cxb4 41. cxb4 Kf6 42. h4 gxh4+ 43. Kxh4 Ke5 44. Kg5 Kd4 45. Ng2 Kc3 46. Kf4 Kxb4 47. Ke3 Kc3 48. Nf4 Bc4 49. Ng6 b5 50. Ne5 b4 51. Nf3 b3 52. Nd2 b2 53. Nb1+ Kc2 54. Na3+ Kb3 55. Nb1 Kc2 56. Na3+ Kc1 57. Kd4 Ba2 58. Kc3 b1=Q 59.
Nxb1 1/2-1/2

[Event "*** Titled Tuesday Blitz"]
[Site "Chess.com"]
[Date "2021.03.09"]
[Round "5"]
[White "Mrlammy"]
[Black "profofchess"]
[Result "0-1"]
[WhiteElo "2303"]
[BlackElo "2500"]
[TimeControl "180+1"]
[EndTime "10:59:54 PST"]
[Termination "profofchess won by checkmate"]

1. e4 e6 2. d4 d5 3. Nd2 e5 4.
dxe5 dxe4 5. Nxe4 Qxd1+ 6. Kxd1 Nc6 7. Bb5 Bd7 8. Bxc6 Bxc6 9. f3 O-O-O+ 10. Ke1 Bxe4 11.
fxe4 Ne7 12. Bf4 Ng6 13. Bg3 h5 14. h3 Rd4 15. Nf3 Rxe4+ 16. Kf2 Bc5+ 17. Kf1 h4 18. Bh2 Rd8 19. Re1 Rxe1+ 20. Kxe1 a5 21. Ke2 a4 22. Rd1 Rxd1 23. Kxd1 a3 24. b3 Bb4 25. Ng5 Nh8 26. e6 f6 27. Nf3 g5 28. Bg1 Kd8 29. Bd4 Ke7 30. Nxg5 fxg5 31. Bxh8 Kxe6 32. Ke2 Kf5 33. Kf3 b5 34. Bg7 c6 35. Bd4 c5 36. Be3 c4 37.
Bc1 Bc5 38. Bd2 Be7 39. Bc1 Ke5 40. Be3 Kd5 41. Kg4 cxb3 42. cxb3 Ke4 43. Bxg5 Bf8 44. Kxh4 Kd3 45. Kg4 Kc2 46. h4 Kb2 47. h5 Kxa2 48.
Bc1 Kxb3 49. Bxa3 Kxa3 50. Kf5 b4 51. g4 b3 52. g5 b2 53. h6 b1=Q+ 54. Kf6 Qb2+ 55.
Kf7 Bxh6 56. gxh6 Qh8 57. Kg6 Qg8+ 58. Kf6 Qh7 59. Kg5 Kb4 60. Kh5 Kc4 61. Kg5 Kd5 62.
Kh5 Ke5 63. Kg5 Ke6 64. Kh5 Kf6 65. Kg4 Qxh6 66. Kg3 Qg5+ 67. Kf3 Qh4 68. Ke2 Qg3 69. Kd2 Qf3 70. Kc2 Qe3 71. Kb2 Qd3 72. Ka1 Qd2 73. Kb1 Ke5 74. Ka1 Kd4 75. Kb1 Kc3 76. Ka1 Kb3 77. Kb1 Qb2# 0-1

[Event "*** Titled Tuesday Blitz"]
[Site "Chess.com"]
[Date "2021.03.09"]
[Round "5"]
[White "vladimirdamjanovic"]
[Black "Andrii_Prydun"]
[Result "1/2-1/2"]
[WhiteElo "2453"]
[BlackElo "2280"]
[TimeControl "180+1"]
[EndTime "10:59:54 PST"]
[Termination "Game drawn - insufficient material"]

1. d4 d5 2. Nc3 Nf6 3. Bf4 e6 4. Nb5 Na6 5. e3 c6 6. Nc3 Nb8 7. Nf3 Bd6 8. Bd3 Bxf4 9. exf4 c5 10. dxc5 Nbd7 11. Bb5 O-O 12. Qd4 Qc7 13. Bxd7 Nxd7 14.
O-O Nxc5 15. Nb5 Qb6 16. a4 Bd7 17. b4 Nxa4 18. Qxb6 Nxb6 19. Nd6 Rfb8 20. Nd4 Nc8 21. Nxc8 Rxc8 22. Ra3 Rc4 23. c3 a6 24. Rfa1 Rac8 25.
g4 Rxc3 26. Rxc3 Rxc3 27. b5 h6 28. bxa6 bxa6 29. Rxa6 Rc4 30. Ne2 Bb5 31. Ra8+ Kh7 32. Kg2 Re4 33. Nc3 Rb4 34. Nxb5 Rxb5 35. h4 h5 36.
gxh5 Rb3 37. f3 Rb7 38. Kg3 Rd7 39. Kg4 d4 40. Ra2 Kh6 41. Rd2 f5+ 42. Kh3 Kxh5 43. Kg3 Rd5 44. Rd3 Kg6 45. Kh3 Kf6 46. h5 e5 47.
fxe5+ Kxe5 48. Kg3 Kd6 49. Kf4 Kc5 50. Kg5 Kc4 51.
Rd1 d3 52. Kg6 Rd7 53. Kxf5 d2 54. Kg6 Kc3 55. f4 Kd3 56. f5 Ke4 57. f6 gxf6 58. Kxf6 Ke3 59. h6 Rd6+ 60. Kg7 Rxh6 61. Kxh6 Ke2 62.
Rh1 d1=Q 63. Rxd1 Kxd1 1/2-1/2

[Event "*** Titled Tuesday Blitz"]
[Site "Chess.com"]
[Date "2021.03.09"]
[Round "5"]
[White "ikhasu"]
[Black "alejogarcia1999"]
[Result "1-0"]
[WhiteElo "2400"]
[BlackElo "2510"]
[TimeControl "180+1"]
[EndTime "10:59:55 PST"]
[Termination "ikhasu won by resignation"]

1. d4 Nf6 2. Bf4 g6 3. Nc3 d5 4. e3 c6 5. h4 h6 6. Be2 Qb6 7. Rb1 Bg7 8. Nf3 Bg4 9. Ne5 Bxe2 10. Qxe2 Nbd7 11. O-O O-O 12. Rfd1 Nxe5 13. Bxe5 Nd7 14. Bxg7 Kxg7 15. e4 e6 16. Qf3 Qd8 17. e5 Qxh4 18. g3 Qg5 19. Kg2 h5 20. Rh1 f6 21.
exf6+ Rxf6 22. Qe2 Raf8 23. Rbf1 e5 24. dxe5 Qxe5 25.
Qd2 d4 26. f4 Qd6 27. Ne2 c5 28. Ng1 Nb6 29. b3 Nd5 30. Re1 Ne3+ 31. Kh2 h4 32.
Nh3 Ng4+ 33. Kg1 hxg3 34. Ng5 Qxf4 35. Qxf4 Rxf4 36. Ne6+ Kg8 37. Nxf4 Rxf4 38. Re8+ Kf7 39. Rhh8 Rf2 40. Rhf8+ Kg7 41. Rxf2 gxf2+ 42. Kg2 Kf7 43. Rb8 Ne3+ 44. Kxf2 Nxc2 45. Rxb7+ Ke6 46. Ke2 a6 47. Rb6+ Kd5 48. Rxa6 g5 49. Rg6 g4 50. Rxg4 Nb4 51. Rg5+ Kc6 52. a4 Kb6 53. Rg6+ Ka5 54. Rg8 Nd5 55.
Rb8 Nf4+ 56. Kd2 Nd5 57. Rb5+ Ka6 58. Rxc5 1-0

[Event "*** Titled Tuesday Blitz"]
[Site "Chess.com"]
[Date "2021.03.09"]
[Round "5"]
[White "ErikBlomqvist"]
[Black "Vanina1989"]
[Result "1-0"]
[WhiteElo "2589"]
[BlackElo "2742"]
[TimeControl "180+1"]
[EndTime "10:59:58 PST"]
[Termination "ErikBlomqvist won on time"]

1. e4 c6 2. d4 d5 3. exd5 cxd5 4. Bd3 Nc6 5. c3 e5 6. dxe5 Nxe5 7. Nf3 Nxd3+ 8.
Qxd3 Bd6 9. O-O Ne7 10. Bg5 f6 11. Bh4 O-O 12. Bg3 Bf5 13. Qe2 Ng6 14. Nbd2 Bxg3 15. hxg3 Qd6 16. Rfe1 Rfe8 17. Qxe8+ Rxe8 18. Rxe8+ Kf7 19. Re3 Qb6 20. b3 Qa5 21. a4 Bd7 22.
Rae1 Qc5 23. b4 Qd6 24. a5 h5 25. Nb3 Bf5 26. Nfd4 Bg4 27. Nc5 b6 28. Nd3 bxa5 29.
bxa5 Qc7 30. a6 Qb6 31. Nb4 Ne5 32. f3 Bd7 33. f4 Ng6 34. Nxd5 Qxa6 35. Re7+ Nxe7 36.
Rxe7+ Kg6 37. Rxd7 Qd3 38. Kh2 h4 39. gxh4 Qe4 40.
Nf3 a5 41. h5+ Kh6 42. Ne7 Qxf4+ 43. Kh1 a4 44. Rd8 Kxh5 45. Rh8+ Kg4 46. Rh4+ Kg3 47. Rxf4 Kxf4 48. Nd5+ Ke4 49. Nb4 g5 50. Kg1 g4 51. Nd2+ Ke3 52. Nc4+ Ke4 53. Kf2 f5 54.
Nd6+ Ke5 55. Nc4+ Ke4 56. g3 f4 57. gxf4 Kxf4 58. Kg2 g3 59. Na3 Kg4 60. c4 Kf4 61. c5 1-0

[Event "*** Titled Tuesday Blitz"]
[Site "Chess.com"]
[Date "2021.03.09"]
[Round "5"]
[White "stepakyedael"]
[Black "kinga2008"]
[Result "0-1"]
[WhiteElo "2280"]
[BlackElo "2091"]
[TimeControl "180+1"]
[EndTime "10:59:58 PST"]
[Termination "kinga2008 won on time"]

1. d4 Nf6 2. c4 g6 3. Nc3 Bg7 4. e4 d6 5. f3 O-O 6. Be3 c5 7. d5 e6 8. Qd2 exd5 9. cxd5 a6 10. a4 Re8 11. Nge2 Nbd7 12. Ng3 h5 13. Be2 Qc7 14. O-O h4 15. Nh1 Nh7 16. Nf2 Rb8 17. Rfc1 Qd8 18. a5 Qe7 19. h3 f5 20. Bd3 Ne5 21. Be2 Nf6 22. Bg5 Qf7 23. Bxh4 Bd7 24. f4 fxe4 25.
fxe5 Rxe5 26. Bg3 e3 27. Qe1 exf2+ 28. Qxf2 Rf5 29. Bf3 Nh5 30. Bxd6 Bd4 31. Bxb8 Bxf2+ 32. Kxf2 Nf4 33. Bxf4 Rxf4 34. Ne2 Rb4 35. Rxc5 Rxb2 36. Rac1 Qf6 37. R5c2 Rxc2 38. Rxc2 Qa1 39. Rc7 Bb5 40. Nf4 Qxa5 41. Ne6 Qd2+ 42. Kg3 g5 43. Rg7+ Kh8 44. Rxg5 a5 45. Rh5+ Kg8 46. Rg5+ Kf7 47. Bh5+ Kf6 48. Rg6+ Ke5 49. Rg5+ Kd6 50. Rg6 Qe3+ 51. Kh2 Qe5+ 52. Kh1 Qa1+ 53. Kh2 Kxd5 54. Nc7+ Ke5 55. Rg5+ Kf6 56.
Rxb5 Qe5+ 57. Rxe5 Kxe5 58. Bd1 Kd4 59. Nb5+ Kc5 60.
Nc3 Kc4 61. Na4 Kd3 0-1

[Event "*** Titled Tuesday Blitz"]
[Site "Chess.com"]
[Date "2021.03.09"]
[Round "5"]
[White "MrrRefrao"]
[Black "Ajedrez_con_German"]
[Result "0-1"]
[WhiteElo "2396"]
[BlackElo "2546"]
[TimeControl "180+1"]
[EndTime "10:59:59 PST"]
[Termination "Ajedrez_con_German won on time"]

1. e4 e6 2. d4 d5 3. Nc3 dxe4 4. Nxe4 Nd7 5. Nf3 Ngf6 6. Bd3 Nxe4 7. Bxe4 Nf6 8. Bg5 Be7 9. Bd3 c5 10. dxc5 Qa5+ 11. c3 Qxc5 12. O-O O-O 13. Qe2 Bd7 14. Ne5 Rad8 15. Nxd7 Rxd7 16. Be3 Qc7 17. Rad1 Rfd8 18.
Bc2 h6 19. Rxd7 Rxd7 20. Re1 b6 21. Qf3 Qb7 22. Qh3 Kf8 23. Bd4 Qd5 24. Bb3 Qg5 25. Qf3 Qd2 26. Rb1 Nd5 27. g3 Bc5 28. Ba4 Rd8 29. Rd1 Qxb2 30. Bxc5+ bxc5 31. c4 Qxa2 32. Bb3 Qa3 33. cxd5 exd5 34. Rxd5 Rxd5 35. Qxd5 Qc1+ 36.
Kg2 Ke7 37. Qxf7+ Kd6 38. Qe6+ Kc7 39. Bd5 Qc3 40. Qc6+ Kd8 41. Be6 Qd4 42. Bh3 Ke7 43. Qf3 c4 44. Bg4 c3 45. Bf5 Qd2 46. Be4 Kd6 47. Qf8+ Kc7 48. Qe7+ Kb6 49. Qb4+ Kc7 50. Qc4+ Kd6 51. Qc6+ Ke5 52. Bh7 Qd4 53. Qe8+ Kd5 54. Qe2 Kc5 55. Bd3 Kb4 56. Qc2 a5 57. Qb1+ Kc5 58.
Qc2 Qb4 59. Qe2 Kb6 60. Qe3+ Qc5 61. Qe4 Kc7 0-1

[Event "*** Titled Tuesday Blitz"]
[Site "Chess.com"]
[Date "2021.03.09"]
[Round "5"]
[White "Moon_stone123"]
[Black "elextranjero00"]
[Result "0-1"]
[WhiteElo "2500"]
[BlackElo "2653"]
[TimeControl "180+1"]
[EndTime "11:00:00 PST"]
[Termination "elextranjero00 won by checkmate"]

1. Nf3 d5 2. g3 Nd7 3. d4 Nb6 4. Bg2 Bf5 5. O-O e6 6. Nbd2 Nf6 7.
Nh4 Bg4 8. c3 Bd6 9. Qe1 O-O 10.
e4 Be7 11. Nhf3 Bh5 12. Ne5 Nfd7 13. exd5 exd5 14. Ndf3 Bd6 15. Bf4 Re8 16. Qc1 Bxf3 17. Nxf3 Bxf4 18. Qxf4 c6 19. h4 Qf6 20. Qg4 Re4 21. Qh3 h6 22. Ne5 Nxe5 23. Bxe4 Nec4 24. Bg2 Nxb2 25. a4 N2xa4 26. Rac1 Nb2 27. Rc2 N2c4 28. Re1 a5 29. Rce2 Nd6 30. g4 Qf4 31. g5 hxg5 32.
hxg5 Qxg5 33. Re5 Qf6 34. Rh5 g6 35. Rhe5 a4 36. f4 a3 37. f5 a2 38. fxg6 Qxg6 39. Ra1 Nbc4 40. Qh4 Nxe5 41. dxe5 Nf5 42. Qf4 Ne7 43. Kf2 Qf5 44. Ke3 Qxf4+ 45. Kxf4 Ra3 46. Kg5 Rxc3 47. Rxa2 Rg3+ 48. Kf6 Ng6 49. e6 fxe6 50. Ra8+ Kh7 51. Rb8 Kh6 52. Rxb7 Nf4 53. Rf7 Rg6+ 54.
Ke7 Nxg2 55. Ke8 e5 56. Rc7 Kg5 57. Kd8 Kf4 58. Kc8 e4 59. Kb8 Ke3 60. Kb7 Nf4 61. Kb8 d4 62. Kb7 Re6 63. Kb8 d3 64. Kb7 d2 65.
Kb8 Nd3 66. Kb7 d1=Q 67. Kb8 Qb3+ 68. Kc8 Re8+ 69. Kd7 Qe6# 0-1

[Event "*** Titled Tuesday Blitz"]
[Site "Chess.com"]
[Date "2021.03.09"]
[Round "5"]
[White "Vasily85"]
[Black "suneebaker"]
[Result "1-0"]
[WhiteElo "2419"]
[BlackElo "2217"]
[TimeControl "180+1"]
[EndTime "11:00:00 PST"]
[Termination "Vasily85 won on time"]

1. d4 Nf6 2. Bg5 c6 3. Nc3 d5 4. e3 Bf5 5. Bd3 Bg6 6. Qe2 Nbd7 7. O-O-O Qa5 8. Kb1 b5 9. Qd2 b4 10. Nce2 e6 11.
Nf3 Rb8 12. Ne5 Nxe5 13. dxe5 Nd7 14. Bxg6 hxg6 15. e4 Nc5 16. exd5 cxd5 17. Nd4 Ne4 18. Qe3 Bc5 19. Ka1 O-O 20. f3 Nc3 21. bxc3 bxc3 22. Nb3 Rxb3 23. cxb3 Bxe3 24. Bxe3 c2 25. Rd3 Rc8 26.
Rc1 Rc3 27. Bd2 d4 28. Bxc3 dxc3 29. Rxc2 Qxe5 30. Rdxc3 g5 31. b4 Qe1+ 32. Kb2 Kh7 33. a4 Kg6 34. b5 Qe5 35. h3 Qd4 36. Ka3 Qd6+ 37. Kb3 Qd5+ 38. Kb4 Qd4+ 39. Rc4 Qd1 40. a5 Qb1+ 41. Kc5 Qa1 42. a6 Qa3+ 43. Kc6 Qa5 44. Kc5 Qb6+ 45. Kb4 Qe3 46. Rc7 f5 47. R7c6 g4 48.
hxg4 fxg4 49. fxg4 Kg5 50. b6 axb6 51. a7 Qe4+ 52. Kb5 Qe5+ 53. Kxb6 Qe3+ 54. Kb7 Qb3+ 55. Rb6 Qd5+ 56. Rcc6 Qd7+ 57. Rc7 Qd5+ 58. Kb8 Qd8+ 59. Kb7 Qd5+ 60. Rbc6 Qb5+ 61. Kc8 Kxg4 62. Rxg7+ Kf4 63.
Rcc7 1-0

[Event "*** Titled Tuesday Blitz"]
[Site "Chess.com"]
[Date "2021.03.09"]
[Round "5"]
[White "Love_craft"]
[Black "Arvids_Andrejevs"]
[Result "1/2-1/2"]
[WhiteElo "2544"]
[BlackElo "2413"]
[TimeControl "180+1"]
[EndTime "11:00:01 PST"]
[Termination "Game drawn - insufficient material"]

1. Nf3 d5 2. g3 e6 3. Bg2 Nf6 4. O-O Be7 5. d3 O-O 6. Nbd2 c5 7. e4 Nc6 8. e5 Nd7 9. Re1 Qc7 10. Qe2 b5 11. Nf1 a5 12. h4 c4 13. d4 b4 14.
Bg5 c3 15. b3 a4 16. N1h2 Bb7 17. Ng4 axb3 18. axb3 Rxa1 19. Rxa1 Ra8 20. Rxa8+ Bxa8 21. Qa6 Qb7 22. Qa4 Bxg5 23. hxg5 Qa7 24. Qxa7 Nxa7 25.
Bf1 Bc6 26. Ne1 Bb5 27. Bd3 Bxd3 28. Nxd3 Nc6 29. f4 Nxd4 30. Nxb4 Nc5 31. Ne3 Ndxb3 32.
cxb3 d4 33. Nec2 Nxb3 34. Nd3 f5 35. gxf6 gxf6 36. Kf2 f5 37. Kf3 Kf8 38. Ke2 Ke7 39. Ndb4 Nc1+ 40. Kd1 Nb3 41. Ke2 Kd7 42. Kd3 Nc5+ 43.
Kxd4 Ne4 44. g4 Ng3 45. gxf5 exf5 46. Kxc3 Ne2+ 47. Kc4 Nxf4 48. Kc5 Ke6 49. Nc6 h5 50. N2d4+ Kd7 51. Nb4 h4 52. Nd5 Nd3+ 53. Kb5 Nxe5 54. Nxf5 h3 55. Ng3 Ke6 56. Nf4+ Kf6 57. Nxh3 Kg6 58.
Kc5 Nd3+ 59. Kd4 Nb4 60. Ke4 Nc6 61. Kf4 Ne7 62. Kg4 Kf6 63. Nf4 Ke5 64. Ngh5 Kd6 65. Kg5 Nd5 66. Ng6 Ne7 67. Nf8 Nd5 68. Ng7 Ne7 69.
Ne8+ Ke5 70. Nf6 Nd5 71. Ng6+ Kd6 72. Ne4+ Kc6 73. Kf5 Ne3+ 74. Ke6 Nd5 75. Ne5+ Kb5 76. Kxd5 1/2-1/2

[Event "*** Titled Tuesday Blitz"]
[Site "Chess.com"]
[Date "2021.03.09"]
[Round "5"]
[White "ChessWarrior7197"]
[Black "German_Bazeev"]
[Result "1-0"]
[WhiteElo "2927"]
[BlackElo "2752"]
[TimeControl "180+1"]
[EndTime "11:00:02 PST"]
[Termination "ChessWarrior7197 won on time"]

1. e4 c6 2. d4 d5 3. e5 Na6 4.
c3 Nc7 5. Bd3 g6 6. Nf3 Bg7 7.
O-O Nh6 8. a4 O-O 9. Re1 f6 10.
exf6 exf6 11. c4 Nf7 12. Nc3 dxc4 13. Bxc4 Kh8 14. Bf4 Nd6 15. Bb3 g5 16. Bg3 Bg4 17. d5 cxd5 18. Nxd5 Nxd5 19. Qxd5 Nf5 20. Qe4 h5 21.
Rad1 Qb6 22. Bc2 Qc6 23. Qxc6 bxc6 24. h3 Bxf3 25. gxf3 Nxg3 26. fxg3 Rad8 27. Rxd8 Rxd8 28. a5 f5 29. Bxf5 Bxb2 30. Re7 Rd2 31. Kf1 Bd4 32. Rh7+ Kg8 33. Rxh5 Be3 34. Rh6 Rf2+ 35. Ke1 Rxf3 36. Bg4 Rxg3 37. Rxc6 Rg2 38. Rc7 Kf8 39. Bh5 Rh2 40.
Rf7+ Kg8 41. Rf3 Bd2+ 42. Kd1 Bxa5 43. Rf5 Bd2 44. Bg4 Bf4 45. Ra5 Rd2+ 46. Ke1 Rc2 47. Rxa7 Rc7 48. Ra6 Kg7 49. Ke2 Re7+ 50. Kd3 Re3+ 51.
Kd4 Re7 52. Be6 Kf6 53. Kd5 Kg7 54. Kd4 Kf6 55. Bc4+ Kg7 56. Bd3 Re3 57. Bf5 Re5 58. Be4 Re7 59. Ra8 Be5+ 60. Ke3 Bf6 61. Kf3 Be5 62. Kg4 Bf4 63. Bd5 Rd7 64. Be6 Rc7 65. h4 Kf6 66. Ra6 Ke5 67. h5 1-0

[Event "*** Titled Tuesday Blitz"]
[Site "Chess.com"]
[Date "2021.03.09"]
[Round "5"]
[White "Iball95"]
[Black "atbenina64"]
[Result "0-1"]
[WhiteElo "2642"]
[BlackElo "2552"]
[TimeControl "180+1"]
[EndTime "11:00:04 PST"]
[Termination "atbenina64 won by checkmate"]

1. e4 c6 2. Nc3 d5 3. Nf3 Bg4 4.
h3 Bxf3 5. Qxf3 e6 6. d4 dxe4 7. Nxe4 Qxd4 8. c3 Qd8 9. Bd3 Nd7 10. O-O Ne5 11. Qg3 Nxd3 12. Rd1 Qd5 13. Qxd3 Rd8 14. Qxd5 Rxd5 15. Re1 Be7 16. Be3 a6 17. c4 Rd7 18.
Nc5 Bxc5 19. Bxc5 Nf6 20. b4 Rd3 21. Red1 Rxd1+ 22. Rxd1 Nd7 23. Bd6 Nb6 24. Rd4 Nc8 25. Bc7 Ke7 26. a4 Re8 27. Kf1 f6 28. b5 e5 29. Rd3 axb5 30. cxb5 cxb5 31. axb5 Ke6 32.
g4 Re7 33. b6 Rd7 34. Rc3 Ne7 35. Rc5 Nd5 36. Ra5 Nxc7 37. bxc7 Rxc7 38. Rb5 Kd6 39.
Ke2 Kc6 40. Rb3 Rd7 41. Rc3+ Kb5 42. Rb3+ Kc4 43. Rb6 Kc5 44. Rb1 b5 45. Ke3 b4 46. f4 exf4+ 47. Kxf4 Kc4 48. Rc1+ Kb3 49. Rd1 Rxd1 50. h4 Rd4+ 51. Kf5 g6+ 52. Kxf6 Rxg4 53. h5 gxh5 54. Kf5 Kc4 55. Ke5 b3 56. Kf5 b2 57.
Ke5 b1=Q 58. Kf6 Rg6+ 59. Ke5 Qb8+ 60. Kf5 Qc8+ 61. Ke5 Qe6+ 62. Kf4 Rg4+ 63. Kf3 Qe4+ 64. Kf2 Rg2+ 65. Kf1 Qe2# 0-1

[Event "*** Titled Tuesday Blitz"]
[Site "Chess.com"]
[Date "2021.03.09"]
[Round "5"]
[White "Volodar_Murzin"]
[Black "HackingKid98"]
[Result "1-0"]
[WhiteElo "2658"]
[BlackElo "2454"]
[TimeControl "180+1"]
[EndTime "11:00:04 PST"]
[Termination "Volodar_Murzin won by checkmate"]

1. e4 c6 2. d4 d5 3. f3 Qb6 4.
Nc3 e6 5. a3 Nf6 6. Be3 dxe4 7.
fxe4 e5 8. Nf3 Bg4 9. Bc4 exd4 10. Bxd4 Bc5 11. Na4 Qa5+ 12. b4 Qxa4 13. Bxc5 Nbd7 14. Bd6 Nxe4 15. O-O O-O-O 16. Be7 Rde8 17. Bh4 Ne5 18. Bb3 Qb5 19. Qd4 Qb6 20. Qxb6 axb6 21. Nxe5 Rxe5 22. Rxf7 g5 23. Be1 Rd8 24. Rxh7 Nd2 25. Bg3 Nxb3 26. cxb3 Red5 27. h3 Bf5 28. Rc7+ Kb8 29. Rg7+ Ka7 30. Rxg5 Be4 31. Rxd5 Rxd5 32. Bf2 Rd2 33. a4 Ka6 34. a5 b5 35. Bc5 Rxg2+ 36. Kf1 Rh2 37. Re1 Rh1+ 38. Kf2 Rxe1 39. Kxe1 Bd5 40. Kf2 Bxb3 41. Kg3 b6 42. axb6 Kb7 43. Kf4 Kc8 44. h4 Bd1 45. Ke5 Kd7 46. Kf6 Kc8 47. Kg6 Kb7 48. h5 Bxh5+ 49. Kxh5 Ka6 50. Kg5 Kb7 51. Kf5 Ka6 52. Ke5 Kb7 53. Kd6 Ka6 54. b7 Kxb7 55.
Kd7 Ka6 56. Be7 Kb7 57. Bd8 Ka6 58. Kxc6 Ka7 59. Kxb5 Kb7 60. Kc5 Ka7 61. Bh4 Kb7 62. b5 Ka7 63. Kc6 Kb8 64. b6 Ka8 65. b7+ Kb8 66. Bg3+ Ka7 67. b8=Q+ Ka6 68. Qa8# 1-0

[Event "*** Titled Tuesday Blitz"]
[Site "Chess.com"]
[Date "2021.03.09"]
[Round "5"]
[White "Slovak_fighter2000"]
[Black "StockholmMissile"]
[Result "0-1"]
[WhiteElo "2421"]
[BlackElo "2570"]
[TimeControl "180+1"]
[EndTime "11:00:08 PST"]
[Termination "StockholmMissile won by checkmate"]

1. d4 d5 2. c4 c6 3. Nf3 Nf6 4. Nc3 e6 5. e3 a6 6. Qc2 dxc4 7.
Bxc4 b5 8. Bd3 Bb7 9. O-O c5 10. dxc5 Bxc5 11. Nxb5 Nbd7 12. Nc3 O-O 13. Ne4 Be7 14.
Nxf6+ Nxf6 15. Be2 Rc8 16. Qa4 Qb6 17. b3 Rc2 18.
Bd3 Rc5 19. Qf4 Rd8 20. Bc4 Rf5 21. Qg3 Bxf3 22. gxf3 Ne4 23. fxe4 Rg5 24. Bb2 Rxg3+ 25. hxg3 Bf6 26. e5 Be7 27. Rfd1 Rxd1+ 28. Rxd1 h5 29.
Bd4 Qa5 30. a4 h4 31. Kg2 hxg3 32. Kxg3 Bd8 33. Kf3 Bc7 34. Ke4 f5+ 35. Kd3 Kf7 36.
f4 Bd8 37. Rg1 Be7 38. Bc3 Qd8+ 39. Bd4 a5 40. Ke2 Qb8 41. Rf1 Qb4 42. Rg1 Qa3 43. Kf3 Bc5 44. Bxc5 Qxc5 45. Rd1 Qc6+ 46. Kf2 Qe4 47.
Rd6 g5 48. Rxe6 gxf4 49. Rd6+ Kg7 50. exf4 Qxf4+ 51. Kg2 Qxe5 52. Rd5 Qe4+ 53. Kf2 f4 54. Rd7+ Kf6 55. Rd5 Qe3+ 56. Kf1 f3 57. Rb5 Qd2 58.
Rd5 Qg2+ 59. Ke1 f2+ 60. Kd1 Qxd5+ 61. Bxd5 f1=Q+ 62. Kc2 Qf2+ 63. Kc3 Qc5+ 64. Bc4 Ke5 65. Kd3 Qb4 66. Kc2 Kd6 67. Kb2 Kc5 68. Ka2 Kd4 69.
Kb2 Qd2+ 70. Ka3 Kc3 71. b4 Qb2# 0-1

[Event "*** Titled Tuesday Blitz"]
[Site "Chess.com"]
[Date "2021.03.09"]
[Round "5"]
[White "chessprincesa1"]
[Black "MaxLeto"]
[Result "1-0"]
[WhiteElo "2255"]
[BlackElo "2377"]
[TimeControl "180+1"]
[EndTime "11:00:08 PST"]
[Termination "chessprincesa1 won by resignation"]

1. d4 d5 2. c4 e6 3. Nc3 Be7 4. Qc2 Nf6 5. Bg5 O-O 6. e3 a6 7.
cxd5 exd5 8. Bd3 h6 9. Bh4 Nc6 10. a3 Be6 11. Nf3 Ne8 12. Bg3 Nd6 13. O-O Na5 14. Ne5 Nac4 15. Bxc4 Nxc4 16. Nxc4 dxc4 17. Rad1 c6 18. e4 b5 19. d5 cxd5 20. exd5 Bg4 21. f3 Bc5+ 22. Kh1 Bh5 23. Ne4 Bg6 24. Qc3 Bb6 25.
Rfe1 Ba5 26. Qd4 Bxe1 27. Rxe1 Re8 28. d6 Qd7 29. Nc5 Rxe1+ 30. Bxe1 Qd8 31. Bc3 f6 32. d7 Bf7 33. Nb7 Qe7 34. Bb4 Qe6 35. d8=Q+ Rxd8 36. Nxd8 Qe2 37. Nxf7 Kxf7 38. Qd5+ Kg6 39. Qe4+ Qxe4 40. fxe4 Kg5 41. Bd2+ Kg4 42. Kg1 g6 43. Bxh6 f5 44. exf5 gxf5 45. Bd2 f4 46. Kf2 Kf5 47. Kf3 Ke5 48.
Bxf4+ Kd4 49. Bd2 Kd3 50. Bb4 Kc2 51. Bc3 Kb3 52. h4 a5 53. h5 b4 54. axb4 axb4 55.
Bf6 c3 56. bxc3 bxc3 57. Bxc3 Kc2 58. h6 Kc1 59. h7 Kd1 60. h8=Q Kc1 61. Qh1+ Kc2 62. Ke3 Kb3 63. Qb1+ Kc4 64. g4 Kd5 65. Qb5+ Ke6 66. Ke4 Kf7 67. Qb6 Ke7 68. Ke5 Ke8 69. Qb7 Kf8 70. Ke6 1-0

[Event "*** Titled Tuesday Blitz"]
[Site "Chess.com"]
[Date "2021.03.09"]
[Round "5"]
[White "BillieKimbah"]
[Black "moro182"]
[Result "0-1"]
[WhiteElo "2862"]
[BlackElo "2702"]
[TimeControl "180+1"]
[EndTime "11:00:09 PST"]
[Termination "moro182 won by resignation"]

1. Nf3 Nf6 2. g3 g6 3. Bg2 Bg7 4. d4 d5 5. O-O O-O 6. c3 a5 7. a4 c6 8. Bf4 Bf5 9. Nbd2 Nbd7 10. h3 h6 11. Ne5 g5 12. Be3 Ne4 13. Nxe4 Bxe4 14.
f3 Bh7 15. f4 Nxe5 16. dxe5 gxf4 17. gxf4 Bf5 18. Kh2 Kh7 19. Rg1 e6 20. Bf3 Rg8 21.
Qe1 f6 22. exf6 Qxf6 23. Qf2 Qf7 24. Bd4 Bf6 25. Bg4 h5 26. Bf3 h4 27. Bxf6 Qxf6 28.
Rg5 Rxg5 29. Qxh4+ Kg6 30. fxg5 Qe5+ 31. Qg3 Qxg3+ 32.
Kxg3 Kxg5 33. Rg1 Rh8 34. Bg2 Kf6 35. h4 Rg8+ 36. Kf2 Rh8 37. Kg3 b6 38. Bf3 Rg8+ 39. Kf2 Rxg1 40. Kxg1 Bc2 41. Kf2 Bxa4 42. e4 Bc2 43. exd5 cxd5 44. Ke3 Bb3 45. h5 e5 46. Kd2 Kg5 47. Ke3 Bc4 48. Kd2 b5 49. Ke3 b4 50.
Kd2 b3 51. Ke3 a4 52. Kd2 e4 53. Bd1 Kh6 54. Bg4 Bb5 55. Be6 Bc6 56. Bg4 Kg5 57. Kc1 Be8 58. Be6 Bc6 59. Bg4 e3 60. Bf3 a3 61. bxa3 d4 62. h6 Kxh6 63. Bxc6 d3 64. Bf3 e2 65. Bxe2 dxe2 66. Kd2 b2 67. Kxe2 b1=Q 0-1

[Event "*** Titled Tuesday Blitz"]
[Site "Chess.com"]
[Date "2021.03.09"]
[Round "5"]
[White "volkanyirik"]
[Black "night_player"]
[Result "1-0"]
[WhiteElo "2408"]
[BlackElo "2165"]
[TimeControl "180+1"]
[EndTime "11:00:09 PST"]
[Termination "volkanyirik won by resignation"]

1. e4 c5 2. Nc3 e5 3. f4 exf4 4. Nf3 d6 5. Bc4 Be6 6. Bxe6 fxe6 7. d4 Nc6 8. d5 exd5 9. exd5 Qe7+ 10. Kf2 Ne5 11.
Re1 O-O-O 12. Bxf4 Ng4+ 13. Kg1 Qf7 14. Bg3 N8f6 15.
Ng5 Qg6 16. Ne6 Rd7 17. Qf3 Qxc2 18. Nb5 Kb8 19. Nxf8 Rxf8 20. Bxd6+ Rxd6 21. Nxd6 Qd2 22. Qg3 Ka8 23. Nb5 a6 24. Nc7+ Ka7 25. Rad1 Qxb2 26.
d6 Rd8 27. h3 Nh6 28. Rb1 Qd4+ 29. Kh1 Qxd6 30. Qxg7 Rd7 31. Qxh6 Rxc7 32. Rf1 Ne4 33. Qxd6 Nxd6 34. Rbc1 c4 35. Kh2 b5 36. Rf6 Ne4 37. Rh6 Nc5 38. g4 Nd3 39. Rc2 Nb4 40. Rb2 c3 41.
Rb1 c2 42. Rf1 c1=Q 43. Rxc1 Rxc1 44. Rxh7+ Kb6 45. g5 Nd5 46. h4 Rc2+ 47. Kg3 Rxa2 48. h5 b4 49. Rd7 Nc3 50. g6 Ra1 51. Kh2 Ra2+ 52. Kh3 Ra1 53. g7 Rg1 54. h6 Ne4 55. Rd8 Ka5 56. g8=Q Rxg8 57. Rxg8 b3 58. Re8 b2 59.
Re5+ Ka4 60. Rxe4+ Ka3 61. Re1 Ka2 62. h7 b1=Q 63.
Rxb1 Kxb1 64. h8=Q Ka2 65. Qc3 a5 66. Qxa5+ 1-0

[Event "*** Titled Tuesday Blitz"]
[Site "Chess.com"]
[Date "2021.03.09"]
[Round "5"]
[White "Atco84"]
[Black "lupta_robin"]
[Result "1/2-1/2"]
[WhiteElo "2440"]
[BlackElo "2579"]
[TimeControl "180+1"]
[EndTime "11:00:11 PST"]
[Termination "Game drawn by agreement"]

1. b3 e5 2. Bb2 Nc6 3. Nf3 d6 4.
c4 Nf6 5. g3 Be7 6. Bg2 O-O 7.
O-O Re8 8. d4 exd4 9. Nxd4 Bd7 10.
Nc3 Bf8 11. Qd2 Rb8 12. Rad1 a6 13. Rfe1 Nxd4 14. Qxd4 c5 15. Qd3 b5 16. h3 bxc4 17. Qxc4 a5 18. Bc1 Rb4 19. Qd3 a4 20. bxa4 Bxa4 21. Nxa4 Rxa4 22. a3 Rd4 23. Qc2 Rxd1 24. Rxd1 Qa5 25. Bb2 Be7 26. e3 Rb8 27. Bxf6 Bxf6 28.
Rxd6 Qxa3 29. Bd5 Qa1+ 30. Kg2 Qc3 31. Qa2 Rf8 32. Rd7 h6 33. Bxf7+ Kh8 34. Bd5 Qe5 35. Rf7 Rxf7 36. Bxf7 Qe7 37. Qc4 Qf8 38. Bg6 Be7 39. Bc2 Qf6 40. Qe4 Kg8 41. Bb3+ Kf8 42. Qd5 Ke8 43.
Ba4+ Kf8 44. Bb3 Ke8 45. Ba4+ Kf8 46. Bb5 Bd6 47. Bc4 Ke7 48. h4 Qe5 49. Qf7+ Kd8 50. Be6 Be7 51. Qg8+ Kc7 52. Qc8+ Kb6 53. Qd7 Qd6 54.
Qc8 Qc6+ 55. Qxc6+ Kxc6 56. Kf3 Kd6 57. Bc4 Bf6 58.
Ke4 Bc3 59. h5 Bb2 60. g4 Bc3 61. f4 Bd2 62. Kd3 Bc1 63. Bf7 Ke7 64. Bc4 Kd6 65.
Ke4 Ke7 66. g5 Kd6 67. Kd3 Ke7 68. gxh6 gxh6 69. e4 Bxf4 70. Bd5 Be5 71. Kc4 Bd4 72. Bb7 Kd6 73. Bd5 Ke5 74. Kd3 Kf4 75. Bf7 Ke5 76.
Bg6 1/2-1/2